 Dungeon Crawl Stone Soup version 0.27.1-15-g792fb953b9 (webtiles) character file.

Game seed: 12033489893245134904

20052 raph the Reanimator (level 12, -3/112 HPs)
             Began as a Deep Dwarf Necromancer on Nov 20, 2021.
             Was an Elder of Makhleb.
             Engulfed by a cloud of flame (12 damage)
             ... in a Gauntlet.
             The game lasted 00:39:45 (19048 turns).

raph the Reanimator (Deep Dwarf Necromancer)       Turns: 19048, Time: 00:39:46

Health: -3/112     AC: 11    Str: 11    XL:     12   Next: 42%
Magic:  11/30 (20) EV: 19    Int: 26    God:    Makhleb [****..]
Gold:   1388       SH:  5    Dex: 14    Spells: 2/23 levels left

rFire    . . .     SeeInvis .   a - +2 scimitar (flame)
rCold    . . .     Faith    .   t - +0 buckler
rNeg     . . .     Spirit   .   B - +0 steam dragon scales
rPois    +         Reflect  .   j - +3 hat of Pondering {ponderous, Will+ MP+10 Int+5}
rElec    .         Harm     .   D - +2 cloak
rCorr    .         Rampage  .   (no gloves)
Will     ++...     NoTele   +   (no boots)
Stlth    ++++......             (no amulet)
HPRegen  0.00/turn              d - +4 ring of evasion
MPRegen  0.22/turn              u - ring of poison resistance

@: studying Fighting, slow
A: damage resistance, heal wounds, sense surroundings 2, no regeneration
a: Heal Wounds, Renounce Religion, Minor Destruction, Lesser Servant of Makhleb,
Major Destruction


You were in a Gauntlet.
You worshipped Makhleb.
Makhleb was greatly pleased with you.
You visited 3 branches of the dungeon, and saw 14 of its levels.
You also visited: Gauntlet.

You collected 1531 gold pieces.
You spent 143 gold pieces at shops.

Inventory:

Hand Weapons
 a - a +2 scimitar of flaming (weapon)
 x - a +1 scimitar of holy wrath
 H - a +0 long sword
Missiles
 A - 3 throwing nets
Armour
 j - the +3 hat of Pondering (worn) {ponderous, Will+ MP+10 Int+5}
   (You acquired it on level 5 of the Dungeon)

   Int:       It affects your intelligence (+5).
   MP:        It affects your magic capacity (+10).
   Will:      It increases your willpower.
 l - a +2 robe of willpower
 r - a +1 robe
 t - a +0 buckler (worn)
 y - a +1 robe of resistance
 B - +0 steam dragon scales (worn)
 D - a +2 cloak (worn)
 J - the +1 helmet of Distant Shores {-Cast rElec rF- rC+++}
   (You found it in a Gauntlet)

   rF:        It makes you vulnerable to fire.
   rC:        It renders you almost immune to cold.
   rElec:     It insulates you from electricity.
   -Cast:     It prevents spellcasting.
Magical Staves
 b - a staff of death
Jewellery
 d - a +4 ring of evasion (left hand)
 f - a ring of ice
 u - a ring of poison resistance (right hand)
Wands
 k - a wand of flame (16)
 n - a wand of iceblast (11)
 q - a wand of acid (6)
 E - a wand of paralysis (7)
 G - a wand of mindburst (9)
Scrolls
 i - a scroll of blinking
 m - a scroll of identify
 s - a scroll of enchant armour
 v - 3 scrolls of teleportation
 F - a scroll of amnesia
Potions
 c - 6 potions of curing
 e - 3 potions of attraction
 g - 3 potions of heal wounds
 h - 3 potions of mutation
 o - 3 potions of flight
 p - a potion of ambrosia
 w - a potion of brilliance
 z - a potion of invisibility
 C - a potion of magic
 I - a potion of berserk rage


   Skills:
 + Level 8.9 Fighting
 * Level 5.9 Long Blades
 + Level 8.0 Dodging
 + Level 9.3 Stealth
 - Level 4.0 Shields
 + Level 6.0 Spellcasting
 + Level 12.1 Necromancy
 * Level 5.2 Translocations
 * Level 9.8 Invocations


You had 2 spell levels left.
You knew the following spells:

 Your Spells              Type           Power      Damage    Failure   Level
a - Pain                  Necr           100%       1d9       1%          1
b - Animate Skeleton      Necr           100%       N/A       1%          1
c - Vampiric Draining     Necr           31%        2d10      1%          3
d - Animate Dead          Necr           31%        N/A       1%          4
e - Agony                 Necr           63%        N/A       1%          5
f - Blink                 Tloc           N/A        N/A       1%          2
g - Manifold Assault      Tloc           35%        N/A       22%         5

Your spell library contained the following spells:

 Spells                   Type           Power      Damage    Failure   Level
 Summon Small Mammal      Summ           28%        N/A       7%          1
 Slow                     Hex            7%         N/A       11%         2
 Call Canine Familiar     Summ           7%         N/A       21%         3
 Confusing Touch          Hex            7%         N/A       21%         3
 Stone Arrow              Conj/Erth      14%        3d7       21%         3
 Summon Guardian Golem    Hex/Summ       7%         N/A       21%         3
 Animate Armour           Summ/Erth      14%        N/A       56%         4
 Hailstorm                Conj/Ice       7%         3d4       56%         4
 Ice Form                 Ice/Tmut       7%         N/A       56%         4
 Simulacrum               Ice/Necr       19%        N/A       65%         6
 Yara's Violent Unravell  Hex/Tmut       3%         3d4       88%         5
 Storm Form               Tmut/Air       3%         N/A       100%        7
 Lehudib's Crystal Spear  Conj/Erth      3%         10d3      100%        8


Dungeon Overview and Level Annotations

Branches:
Dungeon (9/15)             Temple (1/1) D:4            Lair (4/6) D:9
  Swamp (0/4) Lair:4        Snake (0/4) Lair:4          Orc (0/2) D:9
Gauntlet (1/1)

Altars:
Ashenzari
Cheibriados
Dithmenos
Elyvilon
Fedhas
Gozag
Hepliaklqana
Kikubaaqudgha
Makhleb
Nemelex Xobeh
Okawaru
Qazlal
Ru
Sif Muna
Trog
Uskayaw
Vehumet
Wu Jian
Xom
Yredelemnul
Zin
The Shining One

Shops:
D:8 *

Annotations:
D:6 1 exclusion
Lair:3 exclusion: boulder beetle Gauntlet 9 transporters


Innate Abilities, Weirdness & Mutations

You are resistant to damage.
You can heal yourself by infusing magical energy.
You passively map the area around you.
You do not regenerate.


Message History

* * * LOW HITPOINT WARNING * * *
You feel much better.
Your hellwing completely misses the fire crab.
Your hellwing hits the fire crab.
Okay, then.
You hit the fire crab.
The fire crab is heavily wounded.
The fire crab completely misses you. The fire crab claws you!
* * * LOW HITPOINT WARNING * * *
You are engulfed in flames!
* * * LOW HITPOINT WARNING * * *
Your hellwing hits the fire crab.
Your hellwing closely misses the fire crab.
Casting: Blink (safe; 1% risk of failure)
Confirm with . or Enter, or press ? or * to list all spells.
You blink.
Casting: Blink (safe; 1% risk of failure)
Confirm with . or Enter, or press ? or * to list all spells.
You blink.
The fire crab completely misses your hellwing.
The fire crab closely misses your hellwing.
Your hellwing hits the fire crab!
Your hellwing hits the fire crab but does no damage.
The fire crab barely misses your hellwing.
The fire crab claws your hellwing but does no damage.
Your hellwing hits the fire crab! Your hellwing hits the fire crab.
The fire crab breathes flames at you.
The blast of flame engulfs your hellwing.
Your hellwing is engulfed in blazing flames.
Your hellwing hits the fire crab! Your hellwing hits the fire crab.
You are engulfed in blazing flames.
* * * LOW HITPOINT WARNING * * *
The fire crab bites your hellwing but does no damage.
The fire crab claws your hellwing.
Your hellwing is engulfed in flames!
Your hellwing hits the fire crab!
The fire crab dies!
Makhleb accepts your kill.
Your Dodging skill increases to level 8!
You are engulfed in blazing flames.
You die...

##..#...©.#.#..#######
#≈..#########..#......
##.....#©#.....#.#.#.#
#≈.....#©#.....#..#.#.
##..#########..#W#.#.#
#≈..#.##°##.#..#..#.©.
##..##°°#..##..#.#.#.#
#≈..##4##.###..#..#.#.
##..#@#°©#..#..#.#.#.#
#≈.§###°##.##..#.W[.©$
##..#..#..#.#..#######
#≈§§#?##©##(#......#©#
##..#########......#©#
#≈.....#©#.....#######
##.....#©#.....#mC...≈
#≈..#########..#Y≈##.#
##..#.3.2...#..#.##≈≈≈


You could see a friendly hellwing (summoned).

Vanquished Creatures
  A hydra (Lair:4)
  2 two-headed ogres (D:9)
  Erica (D:8)
  Pikel (D:9)
  3 black mambas
  5 cane toads
  7 komodo dragons
  A polar bear (Lair:2)
  2 hornets
  3 blink frogs (Lair:1)
  A raiju (Gauntlet)
  7 wyverns
  18 yaks
  A fire bat (Gauntlet)
  Eustachio (D:3)
  4 basilisks
  2 steam dragons
  A vampire mosquito (D:7)
  9 water moccasins
  Duvessa (D:4)
  4 orc warriors
  A sky beast (D:6)
  5 black bears
  A necrophage (D:6)
  3 ogres
  11 wolves
  2 centaurs
  4 phantoms
  4 lemures
  4 kobold brigands
  10 bullfrogs
  A gnoll sergeant (D:8)
  Dowan (D:4)
  3 scorpions (D:6)
  2 water moccasin skeletons (D:4)
  5 wights (D:8)
  4 killer bees (D:9)
  A howler monkey (D:9)
  2 centaur zombies (D:9)
  2 bullfrog zombies
  An orc priest (D:8)
  A gnoll shaman (D:9)
  7 hounds
  Crazy Yiuf (D:7)
  2 jellies
  3 iguanas
  Ijyb (D:3)
  Natasha (thrice) (D:3)
  3 orc wizards
  6 adders
  5 gnolls (D:8)
  A shadow imp (D:6)
  A white imp (D:7)
  2 ufetubi (D:6)
  4 adder skeletons
  A worm (D:3)
  A dart slug (D:5)
  16 orcs
  11 endoplasms
  3 giant cockroaches
  11 goblins
  7 hobgoblins
  4 jackals (D:1)
  A quokka (D:1)
  4 ball pythons
  6 bats
  A frilled lizard (D:2)
  23 kobolds
  4 rats
275 creatures vanquished.

Vanquished Creatures (collateral kills)
  A fire crab (Gauntlet)
  A fire bat (Gauntlet)
  A steam dragon (Gauntlet)
  A killer bee (D:9)
4 creatures vanquished.

Vanquished Creatures (others)
  3 vampire mosquitoes (D:7)
  2 demonic plants (Gauntlet)
  4 fungi
  23 plants
32 creatures vanquished.

Grand Total: 311 creatures vanquished

Notes
Turn   | Place    | Note
-------+----------+-------------------------------------------
     0 | D:1      | raph the Deep Dwarf Necromancer began the quest for the
                  | Orb.
     0 | D:1      | Reached XP level 1. HP: 15/15 MP: 3/3
   139 | D:1      | Learned a level 1 spell: Animate Skeleton
   250 | D:1      | Reached XP level 2. HP: 17/22 MP: 0/4
   346 | D:1      | Reached skill level 5 in Necromancy
   980 | D:2      | Reached XP level 3. HP: 18/28 MP: 3/5
   984 | D:2      | Learned a level 3 spell: Vampiric Draining
  1083 | D:2      | Found a faded altar of an unknown god.
  1363 | D:2      | Reached skill level 6 in Necromancy
  1964 | D:3      | Noticed a black bear
  2177 | D:3      | Reached XP level 4. HP: 36/36 MP: 2/6
  2310 | D:3      | Noticed Natasha
  2323 | D:3      | Killed a black bear
  2324 | D:3      | Reached skill level 7 in Necromancy
  2324 | D:3      | Reached XP level 5. HP: 23/42 MP: 0/7
  2652 | D:3      | You fall into a shaft and drop 3 floors!
  2652 | D:6      | Noticed a centaur
  2679 | D:5      | Entered Level 5 of the Dungeon
  2696 | D:5      | Reached skill level 1 in Fighting
  2993 | D:5      | Noticed a black bear
  3003 | D:5      | Killed a black bear
  3004 | D:5      | Reached XP level 6. HP: 37/51 MP: 1/9
  3009 | D:5      | Learned a level 4 spell: Animate Dead
  3159 | D:5      | Identified a scroll of acquirement
  3159 | D:5      | Acquired the +3 hat of Pondering {ponderous, Will+ MP+10
                  | Int+5}
  3159 | D:5      | Found the +3 hat of Pondering {ponderous, Will+ MP+10
                  | Int+5}
  3229 | D:4      | Noticed Eustachio
  3328 | D:5      | Found a shimmering blue altar of Sif Muna.
  3562 | D:5      | Found a snail-covered altar of Cheibriados.
  3703 | D:5      | Reached skill level 8 in Necromancy
  3703 | D:5      | Reached XP level 7. HP: 40/61 MP: 10/10
  4070 | D:3      | Killed Eustachio
  4786 | D:3      | Noticed Ijyb
  4791 | D:3      | Killed Ijyb
  4972 | D:4      | Found a staircase to the Ecumenical Temple.
  4995 | Temple   | Entered the Ecumenical Temple
  5107 | Temple   | Became a worshipper of Makhleb the Destroyer
  5363 | D:3      | Reached XP level 8. HP: 31/72 MP: 11/11
  5537 | D:4      | Reached skill level 9 in Necromancy
  5763 | D:4      | Noticed Duvessa
  5763 | D:4      | Noticed Dowan
  5784 | D:4      | Killed Duvessa
  5785 | D:4      | Reached skill level 5 in Stealth
  5785 | D:4      | Killed Dowan
  5879 | D:4      | Found an iron altar of Okawaru.
  6774 | D:6      | Reached * piety under Makhleb
  6847 | D:6      | Found a blossoming altar of Fedhas.
  6851 | D:6      | Reached skill level 5 in Fighting
  6888 | D:6      | Found a broken altar of Ashenzari.
  6944 | D:6      | Learned a level 5 spell: Agony
  6993 | D:6      | Reached skill level 5 in Dodging
  7074 | D:6      | Gained mutation: You passively map the area around you.
                  | [Deep Dwarf growth]
  7074 | D:6      | Reached XP level 9. HP: 73/81 MP: 14/14
  7159 | D:6      | Reached skill level 10 in Necromancy
  7439 | D:6      | Reached skill level 1 in Invocations
  8148 | D:7      | Paralysed by a hornet for 2 turns
  8352 | D:8      | Reached ** piety under Makhleb
  8750 | D:8      | Noticed Erica
  8759 | D:8      | Killed Erica
  9259 | D:8      | Identified the +1 scale mail "Tiasoret" {MP-9 Int+5 Slay+3
                  | Stlth+}
  9271 | D:8      | Reached skill level 5 in Invocations
  9279 | D:8      | Reached XP level 10. HP: 54/88 MP: 15/15
  9481 | D:8      | Reached skill level 1 in Shields
  9569 | D:8      | Found Lulyl's General Store.
  9577 | D:8      | Bought a scroll of teleportation for 39 gold pieces
  9577 | D:8      | Bought a potion of brilliance for 52 gold pieces
  9577 | D:8      | Bought a scroll of identify for 26 gold pieces
  9577 | D:8      | Bought a scroll of identify for 26 gold pieces
  9982 | D:9      | Found a staircase to the Orcish Mines.
  9982 | D:9      | Noticed Pikel
 10796 | D:9      | Killed Pikel
 10797 | D:9      | Reached skill level 11 in Necromancy
 11059 | D:9      | Reached skill level 5 in Spellcasting
 11100 | D:9      | Found a staircase to the Lair.
 11108 | D:9      | Reached skill level 1 in Long Blades
 11269 | D:9      | Acquired a ring of poison resistance
 11276 | D:9      | Reached *** piety under Makhleb
 11761 | D:9      | Found a glowing golden altar of the Shining One.
 11992 | D:9      | Noticed a two-headed ogre
 12000 | D:9      | Killed a two-headed ogre
 12001 | D:9      | Reached XP level 11. HP: 100/100 MP: 11/17
 12388 | D:9      | Noticed a two-headed ogre
 12397 | D:9      | Killed a two-headed ogre
 12674 | D:3      | Killed Natasha
 12860 | D:3      | Noticed Natasha
 12864 | D:3      | Killed Natasha
 13267 | D:3      | Noticed Natasha
 13273 | D:3      | Killed Natasha
 13538 | D:7      | You fall into a shaft and drop 2 floors!
 13727 | D:7      | Learned a level 2 spell: Blink
 13743 | D:7      | Found a runed translucent door.
 13744 | D:7      | Noticed Crazy Yiuf
 13750 | D:7      | Killed Crazy Yiuf
 14017 | Lair:1   | Entered Level 1 of the Lair of Beasts
 14141 | Lair:1   | Reached skill level 1 in Translocations
 14509 | Lair:1   | Reached **** piety under Makhleb
 16096 | Lair:2   | Learned a level 5 spell: Manifold Assault
 16598 | Lair:2   | Reached skill level 5 in Long Blades
 16690 | Lair:2   | Reached skill level 12 in Necromancy
 16946 | Lair:3   | Reached XP level 12. HP: 108/112 MP: 15/19
 17625 | Lair:3   | Found a hide-covered altar of Uskayaw.
 17626 | Lair:3   | Noticed a boulder beetle
 17627 | Lair:3   | Found an ornate altar of the Wu Jian Council.
 18013 | Lair:3   | Acquired 669 gold pieces
 18365 | Lair:4   | Noticed an eight-headed hydra
 18371 | Lair:4   | Killed an eight-headed hydra
 18527 | Lair:4   | Noticed a catoblepas
 18527 | Lair:4   | Found a staircase to the Swamp.
 18686 | Lair:4   | Found a gate leading to a gauntlet.
 18705 | Lair:4   | Reached skill level 5 in Translocations
 18761 | Gauntlet | Entered a Gauntlet
 18761 | Gauntlet | Found a transporter.
 18761 | Gauntlet | Found a transporter.
 18761 | Gauntlet | Found a transporter.
 18772 | Gauntlet | Found a transporter.
 18773 | Gauntlet | Found a transporter.
 18776 | Gauntlet | Found a transporter.
 18783 | Gauntlet | Found a transporter.
 18785 | Gauntlet | Found a transporter.
 18785 | Gauntlet | Found a transporter.
 18787 | Gauntlet | Found a transporter.
 18793 | Gauntlet | Noticed a cacodemon
 18795 | Gauntlet | Found a transporter.
 18799 | Gauntlet | Found a transporter.
 19006 | Gauntlet | Identified the +1 helmet of Distant Shores {-Cast rElec rF-
                  | rC+++}
 19040 | Gauntlet | HP: 4/112 [fire crab] (9)]
 19048 | Gauntlet | Engulfed by a cloud of flame

Illustrated notes

Levels and vault maps discovered:
D:1:      dpeg_arrival_shelter, layout_basic
D:2:      layout_basic, hellmonk_ecumenical_altar_run_dry, solitary_fountain
D:3:      layout_loops_ring, grunt_ministairs_7, chequers_garden,
          minmay_misc_feat_hallway, uniq_ijyb, uniq_natasha
D:4:      layout_rooms, lemuel_tele_altar, minmay_temple_entry_statues_pillars,
          kennysheep_generic_room_9, uniq_duvessa, uniq_eustachio
D:5:      layout_rooms, mainiacjoe_overflow_chevrons, kennysheep_slug_shrine
D:6:      layout_rooms, grunt_temple_overflow_open, grunt_tough_drop
D:7:      layout_basic, moated_statue, lemuel_old_faithful,
          uniq_crazy_yiuf_cottage
D:8:      layout_loops_corners, serial_shops, kennysheep_mini, uniq_erica
D:9:      layout_irregular_city, tso_oasis_becter, minmay_lair_entry_grove,
          david_orc_2, grunt_ogre_cave, kennysheep_generic_room_3, uniq_pikel
Temple:   compressed_dpeg_circular_temple
Lair:1:   layout_roguey, small_statue_intersection, grunt_megastairs_5
Lair:2:   layout_cave_pods
Lair:3:   layout_loops_ring, nzn_masters_of_martial_movement
Lair:4:   layout_cave_pods, swamp_mist, dummy_snake_entry,
          gauntlet_entry_generic, minmay_shattered_shrine
Gauntlet: minmay_gauntlet_mixed_big_or_small [nicolae_gauntlet_swirl,
          minmay_gauntlet_arena_77_squiggly, gammafunk_gauntlet_arena_grid,
          minmay_gauntlet_arena_77_tiled_triplets,
          gammafunk_gauntlet_arena_split_diamond,
          minmay_gauntlet_arena_77_museum, gauntlet_exit_green]

Skill      XL: |  1  2  3  4  5  6  7  8  9 10 11 12 |
---------------+-------------------------------------+-----
Necromancy     | 5 6 7 8 9 10 11 12 | 12.1
Fighting       | 1 2 3 5 6 7 8 |  8.9
Spellcasting   | 2 3 4 5 6 |  6.0
Stealth        | 3 4 5 7 8 9 |  9.3
Dodging        | 3 4 5 6 7 8 |  8.0
Invocations    | 5 7 9 |  9.8
Shields        | 4 |  4.0
Long Blades    | 2 5 |  5.9
Translocations | 4 5 |  5.2

Action                   |  1- 3 |  4- 6 |  7- 9 | 10-12 || total
-------------------------+-------+-------+-------+-------++-------
Melee: Long sword        |    23 |    26 |   185 |       ||   234
       Scimitar          |       |       |    18 |   279 ||   297
 Cast: Pain              |    53 |    30 |    83 |    82 ||   248
       Animate Skeleton  |     2 |       |       |       ||     2
       Vampiric Draining |     8 |    12 |    84 |   173 ||   277
       Animate Dead      |       |       |     2 |    10 ||    12
       Agony             |       |       |       |    19 ||    19
       Blink             |       |       |       |     5 ||     5
       Manifold Assault  |       |       |       |     2 ||     2
Invok: Lesser Servant of |       |       |       |     2 ||     2
 Abil: Heal Wounds       |       |     1 |     1 |       ||     2
  Use: Scroll            |     3 |    10 |     3 |    12 ||    28
       Potion            |       |     2 |     2 |     2 ||     6
 Stab: Sleeping          |     2 |       |     3 |     5 ||    10
       Invisible         |       |     1 |     1 |       ||     2
       Distracted        |       |       |     1 |     1 ||     2
Armor: Robe              |    14 |    14 |    80 |    14 ||   122
       Steam dragon scal |       |       |       |    71 ||    71
Dodge: Dodged            |    31 |    89 |   305 |   432 ||   857
Block: Buckler           |       |       |     5 |   114 ||   119
       Rpst.: Long sword |     6 |    19 |    80 |       ||   105
       Scimitar          |       |       |     6 |   137 ||   143
